 Dungeon Crawl Stone Soup version 0.28.0 (webtiles) character file.

Game seed: 1566586971452460308

6209 Torus the Grappler (level 10, -10/88 HPs)
             Began as a Ghoul Chaos Knight on Feb 11, 2022.
             Was a Plaything of Xom.
             Mangled by an orc knight (13 damage)
             ... in a bailey.
             The game lasted 00:29:43 (9384 turns).

Torus the Grappler (Ghoul Chaos Knight)             Turns: 9384, Time: 00:29:44

Health: -10/88     AC: 12    Str: 19    XL:     10   Next: 92%
Magic:  9/9        EV: 11    Int:  7    God:    Xom [....*.]
Gold:   698        SH:  0    Dex: 10    Spells: 9/9 levels left

rFire   . . .      SeeInvis +     - Unarmed
rCold   + . .      Faith    .   (no shield)
rNeg    + + +      Spirit   .   q - +3 chain mail
rPois   ∞          Reflect  .   (no helmet)
rElec   .          Harm     .   D - +0 cloak
rCorr   .          Rampage  .   (no gloves)
Will    .....                   (no boots)
Stlth   ..........              i - amulet of the acrobat
HPRegen 0.00/turn               j - ring of see invisible
MPRegen 0.11/turn               t - +4 ring of evasion

@: inhibited regen
A: claws 1, cold resistance 1, negative energy resistance 3, inhibited
regeneration, torment resistance 2
a: Renounce Religion


You were in a bailey.
You worshipped Xom.
You were a beloved toy of Xom.
You visited 1 branch of the dungeon, and saw 9 of its levels.
You also visited: Ossuary and Bailey.

You collected 698 gold pieces.

Inventory:

Hand Weapons
 H - the +12 war axe "Giantbane" {venom, Dex+2}
   (You took it off a kobold in a bailey)

   It poisons the flesh of those it strikes.
   Dex:       It affects your dexterity (+2).
Missiles
 b - 127 bolts
 d - 284 stones (quivered)
 e - 15 poisoned darts
 g - 25 arrows
 h - 14 boomerangs
 k - 101 sling bullets
 E - 3 throwing nets
Armour
 a - a +2 leather armour
 n - a +0 plate armour of fire resistance
 q - a +3 chain mail (worn)
 D - a +0 cloak (worn)
Jewellery
 i - an amulet of the acrobat (around neck)
 j - a ring of see invisible (left claw)
 m - a ring of magical power
 t - a +4 ring of evasion (right claw)
Wands
 s - a wand of mindburst (9)
 y - a wand of paralysis (13)
 F - a wand of digging (6)
Scrolls
 o - 2 scrolls of amnesia
 p - 5 scrolls of teleportation
 v - 2 scrolls of blinking
 B - a scroll of fog
Potions
 c - 2 potions of might
 f - 4 potions of curing
 l - a potion of magic {unknown}
 r - 5 potions of flight
 u - 2 potions of mutation {unknown}
 w - 2 potions of haste {unknown}
 x - a potion of brilliance {unknown}
 z - a potion of ambrosia {unknown}
 A - 2 potions of attraction {unknown}
 G - a potion of lignification {unknown}


   Skills:
 + Level 8.1 Fighting
 + Level 6.0 Throwing
 - Level 1.7 Armour
 - Level 0.8 Dodging
 * Level 14.4 Unarmed Combat


You had 9 spell levels left.
You didn't know any spells.
Your spell library contained the following spells:

 Spells                   Type           Power      Damage    Failure   Level
 Foxfire                  Conj/Fire      0%         2x1d4     99%         1
 Magic Dart               Conj           0%         1d3       99%         1
 Corpse Rot               Necr/Air       0%         N/A       100%        2
 Searing Ray              Conj           0%         2d4       100%        2
 Conjure Flame            Conj/Fire      0%         6-21      100%        3
 Ignite Poison            Fire/Tmut/Pois 0%         N/A       100%        3
 Inner Flame              Hex/Fire       0%         N/A       100%        3
 Mephitic Cloud           Conj/Pois/Air  0%         N/A       100%        3
 Airstrike                Air            0%         N/A       100%        4
 Cause Fear               Hex            0%         N/A       100%        4
 Dispel Undead            Necr           0%         3d6       100%        4
 Flame Wave               Conj/Fire      0%         2d4       100%        4
 Fulminant Prism          Conj/Hex       0%         3d6       100%        4
 Summon Lightning Spire   Summ/Air       0%         N/A       100%        4
 Freezing Cloud           Conj/Ice/Air   0%         6-21      100%        5
 Lightning Bolt           Conj/Air       0%         1d11      100%        5
 Death Channel            Necr           0%         N/A       100%        6
 Dragon's Call            Summ           0%         N/A       100%        9
 Dragon Form              Tmut           Unusable   N/A       N/A         7

Dungeon Overview and Level Annotations

Branches:
Dungeon (9/15)             Temple (0/1) D:7         Ossuary (visited)
 Bailey (1/1)
   Lair: D:8-11         Orc: D:9-12

Altars:
Dithmenos
Elyvilon
Hepliaklqana
Qazlal
Xom
Zin
The Shining One

Shops:
D:6 :   D:7 [

Annotations:
D:5 2 transporters, brinewave's ghost, novice MiBe


Innate Abilities, Weirdness & Mutations

You thrive by killing the living.
You are immune to poison.
You have sharp fingernails.
Your flesh is cold resistant. (rC+)
You are immune to negative energy. (rN+++)
You do not regenerate when monsters are visible.
You are immune to unholy pain and torment.


Message History

The orc knight is lightly wounded.
You closely miss the orc knight.
The orc knight is lightly wounded.
The orc knight hits you with a +0 war axe!!
You claw the orc knight!
The orc knight is moderately wounded.
The orc knight hits you but does no damage.
You mangle the orc knight!!
The orc knight is severely wounded.
You closely miss the orc knight.
The orc knight is severely wounded.
The orc knight hits you with a +0 war axe!!
You barely miss the orc knight.
The orc knight is severely wounded.
The orc knight hits you but does no damage.
You scratch the orc knight.
The orc knight is severely wounded.
The orc knight hits you with a +0 war axe.
You scratch the orc knight.
The orc knight is severely wounded.
You scratch the orc knight but do no damage.
The orc knight is severely wounded.
A gnoll comes into view. It is wielding a +4 hand axe.
The orc knight hits you with a +0 war axe!!
The gnoll shouts!
You closely miss the orc knight.
The orc knight is severely wounded.
You hear a shout!
The orc knight hits you with a +0 war axe!
You hear a shout!
You feel much better.
You hear a shout!
The orc knight hits you with a +0 war axe!!
You scratch the orc knight but do no damage.
The orc knight is severely wounded.
You scratch the orc knight.
The orc knight is almost dead.
The orc knight hits you with a +0 war axe!
You die...
Xom chuckles heartily!

#######.#############
.......@og.((......(####
...#########.((........#
##'#((.......
#..#....⌠....
#..#'#(...... ##
##..#.#(....## ..
^(..###..)...#
####'####..#......≈≈≈ ##
#...KoK.####.≈≈)≈≈≈≈≈
≈≈∩#..gogoo#∩≈≈≈≈≈≈≈....
≈≈≈#########≈≈≈≈≈.(....#
≈≈≈≈≈≈≈≈≈≈≈≈≈≈..((...##
#.≈≈≈≈≈≈≈.....)(.(###
#...........).####
##..∩......####
##.......###


You could see an orc knight and a gnoll.

Vanquished Creatures
  2 two-headed ogres (D:7)
  Pikel (D:7)
  Grinder (D:4)
  Eustachio (D:3)
  A steam dragon (D:8)
  An acid dragon (D:6)
  3 water moccasins
  3 orc warriors
  An ice beast (D:8)
  A necrophage (D:7)
  2 ogres
  3 sky beasts
  A black bear (D:8)
  A phantom (D:6)
  2 bullfrogs
  An elf zombie (Ossuary)
  2 scorpions
  2 wyvern zombies (D:7)
  7 wights
  A howler monkey (D:8)
  A jelly (D:6)
  4 centaur zombies
  7 hounds
  4 centaur skeletons
  A human zombie (Ossuary)
  3 orc priests
  2 bullfrog skeletons
  3 iguanas (D:5)
  2 orc wizards
  A killer bee zombie (D:4)
  2 mummies (Ossuary)
  9 adders
  2 gnolls
  3 shadow imps
  A white imp (D:7)
  4 ufetubi
  2 adder zombies (Ossuary)
  An adder skeleton (D:4)
  2 worms (D:2)
  A dart slug (D:5)
  28 orcs
  7 endoplasms
  4 giant cockroaches
  7 goblins
  7 hobgoblins
  A jackal (D:2)
  16 kobolds
  A quokka (D:3)
  4 ball pythons
  6 bats
  2 frilled lizards
  2 goblin zombies (Ossuary)
  5 hobgoblin zombies (Ossuary)
  A jackal zombie (Ossuary)
  15 kobold zombies (Ossuary)
  6 orc zombies (Ossuary)
  9 rats
  A rat zombie (Ossuary)
214 creatures vanquished.

Vanquished Creatures (collateral kills)
  Harold (D:7)
  A lemure (D:7)
  2 wights (D:7)
  An orc (D:7)
5 creatures vanquished.

Grand Total: 219 creatures vanquished

Notes
Turn   | Place    | Note
-------+----------+-------------------------------------------
     0 | D:1      | Torus the Ghoul Chaos Knight began the quest for the Orb.
     0 | D:1      | Reached XP level 1. HP: 19/19 MP: 0/0
   120 | D:1      | Reached XP level 2. HP: 26/26 MP: 1/1
   136 | D:1      | Reached skill level 4 in Unarmed Combat
   704 | D:1      | Reached XP level 3. HP: 31/31 MP: 2/2
  1012 | D:2      | XOM: smoke on damage
  1025 | D:2      | XOM: silly message
  1356 | D:2      | Reached skill level 5 in Unarmed Combat
  1384 | D:2      | XOM: divination: magic mapping
  1461 | D:2      | Found a faded altar of an unknown god.
  1467 | D:2      | XOM: divination: detect items
  1516 | D:2      | Reached XP level 4. HP: 38/38 MP: 3/3
  2067 | D:3      | Reached skill level 6 in Unarmed Combat
  2067 | D:3      | Reached XP level 5. HP: 45/45 MP: 4/4
  2458 | D:3      | XOM: summons 1 hostile demon
  2477 | D:3      | XOM is BORED!
  2524 | D:3      | Found a hazy altar of Hepliaklqana.
  2621 | D:4      | XOM: 1-stop teleportation journey
  2859 | D:4      | Reached skill level 7 in Unarmed Combat
  2885 | D:4      | Noticed Eustachio
  2898 | D:3      | XOM: blink monster(s)
  2918 | D:3      | XOM: enchant monster (bad)
  2923 | D:3      | XOM: confusion
  2939 | D:3      | Killed Eustachio
  2940 | D:3      | Reached XP level 6. HP: 15/51 MP: 5/5
  3169 | D:4      | XOM: summons 3 hostile shadow creatures
  3217 | D:4      | Reached skill level 8 in Unarmed Combat
  3258 | D:4      | Noticed Grinder
  3268 | D:4      | Paralysed by Grinder for 2 turns
  3274 | D:4      | XOM: scenery: create altars
  3280 | D:4      | XOM: scenery: summon butterflies
  3288 | D:4      | XOM: enchant monster (good)
  3302 | D:4      | XOM: divination: detect creatures
  3306 | D:4      | Killed Grinder
  3307 | D:4      | Reached XP level 7. HP: 42/57 MP: 6/6
  3431 | D:4      | Reached skill level 9 in Unarmed Combat
  3744 | D:5      | Entered Level 5 of the Dungeon
  3796 | D:5      | Found a transporter.
  3797 | D:5      | Noticed brinewave's ghost (novice MiBe)
  3798 | D:5      | Found a transporter.
  3893 | D:5      | XOM: god gift: 16 bolts
  3927 | D:5      | Found a sand-covered staircase.
  3931 | Ossuary  | Entered an ossuary
  4347 | Ossuary  | Reached skill level 10 in Unarmed Combat
  4402 | Ossuary  | XOM: scenery: create altars
  4415 | Ossuary  | Reached XP level 8. HP: 47/63 MP: 7/7
  4526 | D:5      | XOM: summons 2 hostile demons
  4822 | D:5      | Reached skill level 1 in Throwing
  4970 | D:5      | XOM: god gift: spear {god gift}
  5210 | D:5      | XOM is BORED!
  5210 | D:5      | XOM: noise
  5323 | D:6      | XOM: noise
  5340 | D:6      | Reached skill level 11 in Unarmed Combat
  5687 | D:6      | Found a shadowy altar of Dithmenos.
  5689 | D:6      | Found a stormy altar of Qazlal.
  5741 | D:6      | XOM: noise
  5933 | D:6      | Reached XP level 9. HP: 73/73 MP: 8/8
  6038 | D:6      | XOM is BORED!
  6038 | D:6      | XOM: silly message
  6077 | D:6      | Reached skill level 5 in Fighting
  6203 | D:6      | Identified the +1 leather armour of Inaction {Contam rCorr
                  | Str-5 Int+8}
  6246 | D:6      | Found Nocojuc's Book Boutique.
  6464 | D:6      | XOM: enchant monster (bad)
  6467 | D:6      | Reached skill level 12 in Unarmed Combat
  6610 | D:6      | XOM: divination: detect creatures
  6913 | D:7      | XOM: 2-stop teleportation journey
  6938 | D:7      | XOM: 3-stop teleportation journey
  7042 | D:7      | Noticed a two-headed ogre
  7047 | D:7      | XOM: summons 5 friendly demons
  7048 | D:7      | XOM: potion effect (curing)
  7060 | D:7      | Noticed a two-headed ogre
  7098 | D:7      | XOM: confuse monster(s)
  7100 | D:7      | XOM: summons friendly ufetubus
  7104 | D:7      | Killed a two-headed ogre
  7105 | D:7      | Reached skill level 13 in Unarmed Combat
  7105 | D:7      | Reached XP level 10. HP: 54/84 MP: 9/9
  7150 | D:7      | XOM: enchant monster (good)
  7153 | D:7      | Killed a two-headed ogre
  7154 | D:7      | Reached skill level 5 in Throwing
  7211 | D:7      | XOM: 2-stop teleportation journey
  7406 | D:7      | Noticed Harold
  7419 | D:7      | Killed Harold
  7435 | D:7      | Noticed Pikel
  7442 | D:7      | Killed Pikel
  7449 | D:7      | Reached skill level 14 in Unarmed Combat
  7537 | D:7      | Found Moyl's Armour Shop.
  7556 | D:7      | XOM: cast spell 'Death Channel'
  7903 | D:7      | Found a staircase to the Ecumenical Temple.
  8323 | D:8      | XOM: confuse monster(s)
  8638 | D:8      | XOM: scenery: 2 doors open
  8977 | D:8      | XOM: god gift: 12 arrows
  9126 | D:9      | Found a flagged portal.
  9135 | Bailey   | Entered a bailey
  9142 | Bailey   | Noticed an orc knight
  9159 | Bailey   | Noticed an orc knight
  9338 | Bailey   | Identified the +12 war axe "Giantbane" {venom, Dex+2}
  9364 | Bailey   | XOM: summons friendly iron imp
  9381 | Bailey   | HP: 3/88 [orc knight (11)]
  9384 | Bailey   | Mangled by an orc knight

Illustrated notes

Levels and vault maps discovered:
D:1:      erik_arrival_triangle_large, layout_loops_ring
D:2:      layout_basic, hellmonk_ecumenical_altar_zigzags, serial_aquarium,
          aquarium_bridge_long_joined [aquarium_subvault_bridge,
          aquarium_subvault_wall, aquarium_subvault_wall,
          aquarium_subvault_bridge, aquarium_subvault_bridge,
          aquarium_subvault_bridge], aquarium_window_3, aquarium_window_1,
          aquarium_view_2a, aquarium_view_2d, aquarium_balcony_double_2,
          minivault_24, minmay_misc_feat_five, grunt_ministairs_14,
          minmay_pentomino_w4
D:3:      layout_rooms, lemuel_coloured_pillars_altar
D:4:      layout_cave_pools, chequers_serial_rivers_micro_d,
          kennysheep_generic_room_3, uniq_eustachio, uniq_grinder
D:5:      layout_loops_corners, gammafunk_ghost_arena, enter_ossuary_5,
          dk_vineyard_1, minmay_fractal_squares_diagonal_5
D:6:      layout_loops_corners, grunt_temple_overflow_open, serial_shops,
          nicolae_lakefront_shop
D:7:      minmay_thick_lines, layout_rooms,
          minmay_temple_entry_drinking_statues, serial_shops,
          kennysheep_little_box, minmay_misc_feat_rugged, uniq_pikel,
          uniq_harold
D:8:      layout_gridville
D:9:      kennysheep_steamy, layout_loops_ring, lair_entry_dummy, david_orc_2,
          serial_shops, nicolae_square_shop, enter_bailey_6,
          nicolae_two_hexagons, serial_park_tiny_1
Bailey:   bailey_axe_4, bailey

Skill      XL: |  1  2  3  4  5  6  7  8  9 10 |
---------------+-------------------------------+-----
Unarmed Combat | 4 5 6 7 8 10 11 13 14 | 14.4
Throwing       | 2 4 6 |  6.0
Fighting       | 4 6 8 |  8.1
Armour         | |  1.7
Dodging        | |  0.8

Action                   |  1- 3 |  4- 6 |  7- 9 | 10-12 || total
-------------------------+-------+-------+-------+-------++-------
Melee: Unarmed           |   130 |   113 |   350 |    88 ||   681
       Punch             |     3 |     7 |    21 |     5 ||    36
Throw: Stone             |    34 |    77 |   153 |   133 ||   397
       Dart              |       |       |     2 |    13 ||    15
Evoke: Wand              |       |       |       |     1 ||     1
  Use: Scroll            |     2 |     5 |     7 |       ||    14
       Potion            |       |     2 |       |     1 ||     3
 Stab: Sleeping          |     1 |       |       |       ||     1
       Paralysed         |       |       |       |     2 ||     2
       Confused          |       |       |       |     1 ||     1
Armor: Leather armour    |    45 |     2 |       |       ||    47
       Plate armour      |       |    26 |       |       ||    26
       Chain mail        |       |    52 |   158 |    29 ||   239
Dodge: Dodged            |    69 |    47 |   161 |    51 ||   328
